AoeStats
← A. Government

Arabia

509370032Analyzed
1v1 RM · 7d ago on Sep 26, 2026· 39m 6s· 2 players
Game mode
Random Map
Map size
Tiny (2 player)
Population
200
Speed
Normal
Resources
Standard
Victory
Conquest
Starting age
Dark Age
Ending age
Imperial Age
RankedLock teamsTeams togetherTeam positionsShared explorationLock speedFull tech treeHidden civsTurbo modeCheats
Victory
Defeat
🇹🇷 Danes · Türkiye
1048
+15
🇩🇪 Varangians · Germany
1023
-15
A. Government
8:10 Loom
10:36 Feudal Age
11:39 Double-Bit Axe
15:53 Horse Collar
18:20 Fletching
22:23 Castle Age
21:17 Padded Archer Armor
21:30 Bloodlines
21:24 Gold Mining
23:14 Husbandry
23:47 Bodkin Arrow
24:51 Bow Saw
24:44 Heavy Plow
30:11 Scale Barding Armor
34:37 Imperial Age
32:48 Wheelbarrow
32:48 Scale Mail Armor
32:58 Forging
33:17 Leather Archer Armor
33:38 Ballistics
33:06 Light Cavalry
34:06 Stone Mining
35:31 Chain Barding Armor
36:01 Siege Engineers
36:45 Chain Mail Armor
37:46 Conscription
40:02 Plate Mail Armor
DÜBELCİ
5:53 Loom
9:35 Feudal Age
10:32 Horse Collar
14:58 Double-Bit Axe
17:19 Fletching
22:12 Castle Age
20:50 Gold Mining
22:07 Padded Archer Armor
22:16 Scale Mail Armor
23:10 Elite Skirmisher
24:32 Wheelbarrow
25:16 Bow Saw
25:43 Heavy Plow
26:56 Bodkin Arrow
27:17 Leather Archer Armor
32:47 Imperial Age
31:53 Hand Cart
32:43 Squires
32:29 Arson
32:17 Pikeman
33:13 Chain Mail Armor
35:08 Chemistry
33:55 Halberdier
35:47 Ballistics
37:48 Elite Varangian Guard
Connection lost

Rejoining the realm…

Still unreachable

The connection could not be restored.

Session expired

The server has moved on; the page needs a fresh start.